 Dungeon Crawl Stone Soup version 0.19.0-9-gfd783f2 (console) character file.

3504 OvidiusNaso the Blocker (level 9, 0/84 HPs)
             Began as a Minotaur Fighter on Nov 7, 2016.
             Was a Believer of Okawaru.
             Slain by a spiny frog (17 damage)
             ... on level 1 of the Lair of Beasts.
             The game lasted 00:54:19 (5574 turns).

OvidiusNaso the Blocker (Minotaur Fighter)          Turns: 5574, Time: 00:54:21

Health: 0/84       AC: 11    Str: 21    XL:     9   Next: 80%
Magic:  8/8        EV:  7    Int:  5    God:    Okawaru [**....]
Gold:   470        SH: 17    Dex: 13    Spells: 0 memorised, 8 levels left

rFire  . . .     SeeInvis .     a - +1 flail
rCold  . . .     Gourm    .     g - +0 chain mail
rNeg   . . .     Faith    .     c - +0 shield
rPois  .         Spirit   .     (helmet restricted)
rElec  .         Reflect  +     (no cloak)
rCorr  .         Harm     .     (no gloves)
MR     .....                    (no boots)
Stlth  ..........               o - +5 amulet of reflection
                                (no ring)
                                (no ring)

@: lethally poisoned (0 -> -42), about to teleport, slowed, very slow
A: retaliatory headbutt, hooves 1, horns 2
a: Heroism, Renounce Religion


You were on level 1 of the Lair of Beasts.
You worshipped Okawaru.
Okawaru was pleased with you.
You were not hungry.

You visited 3 branches of the dungeon, and saw 11 of its levels.

You collected 470 gold pieces.

Inventory:

Hand Weapons
 a - a +1 flail (weapon)
 i - a +0 shortbow
 n - a +0 giant spiked club
 v - a +2 dagger of venom
 K - a +0 dagger of draining
 L - a +6 dagger
Missiles
 l - 84 arrows
Armour
 b - a +0 chain mail
 c - a +0 shield (worn)
 g - a +0 chain mail (worn)
 m - a +1 helmet
 p - a +0 scale mail
 M - a +0 chain mail
 N - a +0 ring mail
Jewellery
 o - a +5 amulet of reflection (around neck)
 F - an uncursed ring of see invisible
Wands
 x - a wand of slowing (26/48)
 C - a wand of digging (12/24)
 D - a wand of polymorph (16/24)
 G - a wand of paralysis (8/24)
 O - a wand of digging (7/24)
Scrolls
 e - 4 scrolls of identify
 h - a scroll of amnesia
 r - 2 scrolls of enchant armour
 s - a scroll of magic mapping
 t - a scroll of immolation
 u - 3 scrolls of teleportation
 z - a scroll of noise {unknown}
 A - a scroll of fear {unknown}
 J - a scroll of holy word {unknown}
 Q - a scroll of random uselessness {unknown}
Potions
 d - a potion of might
 k - a potion of brilliance
 w - a potion of magic {unknown}
 B - a potion of ambrosia {unknown}
 E - a potion of flight {unknown}
 H - a potion of heal wounds
 P - a potion of lignification {unknown}
Books
 y - a book of Annihilations

   Spells                             Type                      Level
   a - Poison Arrow                   Conjuration/Poison           6
   b - Chain Lightning                Conjuration/Air              8
   c - Lehudib's Crystal Spear        Conjuration/Earth            8
   d - Glaciate                       Conjuration/Ice              9
   e - Fire Storm                     Conjuration/Fire             9
Comestibles
 f - 3 bread rations
 j - a royal jelly
 q - a meat ration
 I - a beef jerky


   Skills:
 + Level 9.4 Fighting
 + Level 6.7 Maces & Flails
 + Level 9.6 Armour
 * Level 10.1 Shields


You had 8 spell levels left.
You didn't know any spells.

Dungeon Overview and Level Annotations

Branches:
Dungeon (9/15)             Temple (1/1) D:5            Lair (1/6) D:8
    Orc: D:9-12

Altars:
Ashenzari
Cheibriados
Fedhas
Gozag
Makhleb
Okawaru
Qazlal
Zin
The Shining One

Annotations:
Lair:1 Sonja


Innate Abilities, Weirdness & Mutations

You reflexively headbutt those who attack you in melee.
You have a pair of horns on your head.
You have large cloven feet.


Message History

You have difficulty breathing.
* * * LOW HITPOINT WARNING * * *
You feel as though you will be slow longer.
The spiny frog closely misses you.
Sonja shoots a curare-tipped needle.
The curare-tipped needle hits you.
You are more poisoned.
You have difficulty breathing.
* * * LOW HITPOINT WARNING * * *
You feel as though you will be slow longer.
The spiny frog stings you.
* * * LOW HITPOINT WARNING * * *
You feel much better.
* * * LOW HITPOINT WARNING * * *
You feel very sick.
The spiny frog stings you but does no damage.
Sonja shoots a curare-tipped needle.
You reflect the curare-tipped needle off an invisible shield around you!
The curare-tipped needle barely misses Sonja.
The spiny frog stings you!
You die...

(.............P
.K............#
...............#
...............#
................#
.................#
.............F...#
............F@...#
................##
.................#
P..............###
#.............#
##..........##
#...........#
..........(.###
#####P#...<.#
#######.# ##


You could see 2 spiny frogs and Sonja.

Vanquished Creatures
  The ghost of CrazyArbalest the Quickloader, a novice MiHu (D:5)
  Grinder (D:3)
  Prince Ribbit (D:5)
  A hippogriff (D:7)
  A hungry ghost (D:8)
  Menkaure (D:4)
  A water moccasin (D:8)
  A porcupine (Lair:1)
  An ice beast (D:5)
  2 sky beasts
  2 phantoms
  A black bear (D:8)
  An ogre (D:6)
  A centaur (D:5)
  Blork the orc (D:6)
  A big kobold (D:8)
  3 bullfrogs
  5 killer bees (D:8)
  A howler monkey (D:7)
  A bullfrog zombie (D:6)
  3 crimson imps
  A centaur zombie (D:7)
  3 hounds
  4 orc wizards
  2 bullfrog skeletons
  2 worker ants
  Terence (D:2)
  An iguana (D:8)
  3 gnolls
  6 adders
  An ooze (D:6)
  2 adder zombies
  2 adder skeletons
  2 worms
  2 dart slugs
  2 leopard geckos
  12 orcs
  6 bats
  6 giant cockroaches
  15 goblins
  5 hobgoblins
  10 jackals
  9 kobolds
  5 quokkas
  2 frilled lizards
  A leopard gecko skeleton (D:6)
  A quokka zombie (D:5)
  11 rats
  A fungus (D:8)
149 creatures vanquished.

Notes
Turn   | Place    | Note
-------+----------+-------------------------------------------
     0 | D:1      | OvidiusNaso the Minotaur Fighter began the quest for the Orb.
     0 | D:1      | Reached XP level 1. HP: 19/19 MP: 0/0
    36 | D:1      | Reached XP level 2. HP: 21/27 MP: 1/1
   275 | D:1      | Reached skill level 4 in Shields
   403 | D:1      | Reached XP level 3. HP: 33/33 MP: 2/2
   877 | D:2      | Found a stormy altar of Qazlal.
  1036 | D:2      | Noticed Terence
  1047 | D:2      | Killed Terence
  1047 | D:2      | Reached XP level 4. HP: 38/41 MP: 3/3
  1674 | D:3      | Noticed Grinder
  1701 | D:3      | Paralysed by Grinder for 2 turns
  1720 | D:3      | Paralysed by Grinder for 3 turns
  1734 | D:3      | Paralysed by Grinder for 5 turns
  1748 | D:3      | Paralysed by Grinder for 2 turns
  1773 | D:3      | Killed Grinder
  1773 | D:3      | Reached skill level 5 in Fighting
  1773 | D:3      | Reached skill level 5 in Armour
  1773 | D:3      | Reached skill level 5 in Shields
  1773 | D:3      | Reached XP level 5. HP: 19/48 MP: 4/4
  1773 | D:3      | Reached XP level 6. HP: 22/56 MP: 5/5
  2306 | D:4      | Found a burning altar of Makhleb.
  2425 | D:4      | Found a snail-covered altar of Cheibriados.
  2634 | D:4      | Noticed Menkaure
  2640 | D:4      | Killed Menkaure
  2640 | D:4      | Reached skill level 6 in Shields
  2640 | D:4      | Reached XP level 7. HP: 26/62 MP: 6/6
  2701 | D:4      | Found an opulent altar of Gozag.
  2765 | D:5      | Entered Level 5 of the Dungeon
  2823 | D:5      | Noticed CrazyArbalest's ghost (novice MiHu)
  2862 | D:5      | Killed CrazyArbalest's ghost
  2862 | D:5      | Reached skill level 7 in Shields
  2862 | D:5      | Reached XP level 8. HP: 18/73 MP: 7/7
  2870 | D:5      | Gained mutation: You have large cloven feet. [potion of beneficial mutation]
  2886 | D:5      | HP: 3/73 [sky beast (5)]
  2934 | D:5      | Found an iron altar of Okawaru.
  2947 | D:5      | Noticed Prince Ribbit
  2970 | D:5      | Killed Prince Ribbit
  2970 | D:5      | Reached skill level 8 in Shields
  3490 | D:5      | Found a staircase to the Ecumenical Temple.
  3499 | Temple   | Entered the Ecumenical Temple
  3571 | Temple   | Became a worshipper of Warmaster Okawaru
  3779 | D:6      | Reached skill level 5 in Maces & Flails
  3824 | D:6      | Noticed Blork the orc
  3831 | D:6      | Killed Blork the orc
  3831 | D:6      | Reached XP level 9. HP: 72/82 MP: 8/8
  3958 | D:6      | Reached * piety under Okawaru
  4506 | D:7      | Reached skill level 9 in Shields
  4758 | D:8      | Reached ** piety under Okawaru
  4891 | D:8      | Found a glowing silver altar of Zin.
  4967 | D:8      | Found a staircase to the Lair.
  5521 | D:9      | Reached skill level 10 in Shields
  5554 | Lair:1   | Entered Level 1 of the Lair of Beasts
  5566 | Lair:1   | Noticed a spiny frog
  5567 | Lair:1   | Noticed a spiny frog
  5567 | Lair:1   | Noticed Sonja
  5573 | Lair:1   | HP: 4/84 [spiny frog (2)]
  5574 | Lair:1   | Slain by a spiny frog

Skill      XL: |  1  2  3  4  5  6  7  8  9 |
---------------+----------------------------+-----
Armour         | 4 5 6 7 8 9 |  9.6
Shields        | 4 5 6 7 8 10 | 10.1
Fighting       | 4 5 7 8 9 |  9.4
Maces & Flails | 3 4 5 6 |  6.7

Action                   |  1- 3 |  4- 6 |  7- 9 || total
-------------------------+-------+-------+-------++-------
Melee: Flail             |    95 |   124 |   329 ||   548
       Headbutt          |    15 |    19 |    59 ||    93
       Kick              |       |       |    86 ||    86
Evoke: Wand              |       |       |     2 ||     2
  Use: Scroll            |       |     4 |    10 ||    14
       Potion            |       |     1 |     6 ||     7
  Eat: Beef jerky        |       |     1 |       ||     1
       Chunk             |       |     1 |       ||     1
       Bread ration      |       |     1 |     1 ||     2
       Fruit             |       |       |     4 ||     4
       Pizza             |       |       |     3 ||     3
       Meat ration       |       |       |     1 ||     1
Armor: Scale mail        |    18 |       |       ||    18
       Chain mail        |    31 |    43 |    94 ||   168
Dodge: Dodged            |    19 |    16 |    57 ||    92
Block: Shield            |    47 |    89 |   262 ||   398
       Reflection        |       |       |    10 ||    10
